 Dungeon Crawl Stone Soup version 0.14.0-26-g1682e81 (webtiles) character file.

848 Golfball the Sneak (level 7, -5/32 HPs)
             Began as a Spriggan Conjurer on Apr 25, 2014.
             Killed from afar by shobalk's ghost (7 damage)
             ... with a magic dart
             ... on Level 5 of the Dungeon.
             The game lasted 01:20:30 (6738 turns).

Golfball the Sneak (Spriggan Conjurer)              Turns: 6738, Time: 01:20:30

HP  -5/32        AC  4     Str  6      XL: 7   Next: 32%
MP  21/21        EV 20     Int 17      God:
Gold 179         SH  0     Dex 16      Spells:  4 memorised,  4 levels left

rFire  . . .     SeeInvis +     f - +3,+1 dagger (venom)
rCold  . . .     Clarity  .     o - +2 robe
rNeg   . . .     Conserve .     (shield restricted)
rPois  .         rCorr    .     (helmet restricted)
rElec  .         rRot     .     (no cloak)
SustAb . .       Spirit   .     (gloves unavailable)
rMut   .         Warding  .     (boots unavailable)
Saprov . . .     Stasis   +     C - amulet of stasis
MR     +....                    (no ring)
                                (no ring)

@: confused, lethally poisoned, very quick, somewhat resistant to hostile
enchantments, unstealthy
A: unfitting armour, see invisible, herbivore 3, speed 3, slow metabolism 2
a: no special abilities


You were on level 5 of the Dungeon.
You were not hungry.

You visited 1 branch of the dungeon, and saw 5 of its levels.

You collected 179 gold pieces.

Inventory:

Hand weapons
 f - a +3,+1 dagger of venom (weapon)
 t - a +1,+3 dagger
 y - a +0,+1 whip of electrocution
 J - a +2,+1 morningstar of distortion
Missiles
 l - 34 darts (quivered)
 m - 9 poisoned needles
 v - 2 needles of paralysis
Armour
 o - a +2 robe (worn)
 w - a +1 robe
Comestibles
 s - 15 sultanas
 u - 3 bread rations
 z - a banana
 M - a lemon
Scrolls
 h - 4 scrolls of remove curse
 i - a scroll of teleportation
 k - a scroll of noise {unknown}
 A - a scroll of fog {unknown}
 I - a scroll of recharging {unknown}
 O - a scroll of blinking {unknown}
Jewellery
 B - an uncursed ring of regeneration
 C - an amulet of stasis (around neck)
Potions
 a - 2 potions of confusion {unknown}
 b - a potion of haste {unknown}
 d - a potion of lignification {unknown}
 e - 3 potions of curing
 g - 2 potions of invisibility {unknown}
 p - a potion of mutation {unknown}
 q - a potion of heal wounds {unknown}
 r - a potion of resistance {unknown}
Books
 c - a book of Conjurations

   Spells                             Type                      Level
   *Magic Dart                        Conjuration                  1
   *Searing Ray                       Conjuration                  2
   *Dazzling Spray                    Conjuration/Hexes            3
   Fulminant Prism                    Conjuration/Hexes            4
   *Iskenderun's Mystic Blast         Conjuration                  4
   Iskenderun's Battlesphere          Conjuration/Charms           5


   Skills:
 * Level 2.4 Short Blades
 * Level 2.6 Throwing
 * Level 4.8 Dodging
 * Level 6.5 Stealth
 + Level 4.3 Spellcasting
 + Level 4.0 Conjurations
 * Level 2.9 Hexes


You had 4 spell levels left.
You knew the following spells:

 Your Spells              Type           Power        Failure   Level  Hunger
a - Magic Dart            Conj           ###.         2%          1    None
b - Searing Ray           Conj           ###...       4%          2    ##.....
c - Dazzling Spray        Conj/Hex       ###.....     12%         3    ###....
d - Iskenderun's Mystic   Conj           ###.....     30%         4    ####...


Dungeon Overview and Level Annotations

Branches:
Dungeon (5/15)
 Temple: D:4-7

Altars:

Annotations:
D:5 shobalk's ghost, experienced HEWz


Innate Abilities, Weirdness & Mutations

You are tiny and cannot use many weapons and most armour.
You have supernaturally acute eyesight.
You are a herbivore.
You cover ground extremely quickly.
You need consume almost no food.


Message History

The worker ant zombie misses you.
Unknown command.
You are engulfed in noxious fumes.
* * * LOW HITPOINT WARNING * * *
The orc completely misses you.
You are engulfed in noxious fumes.
* * * LOW HITPOINT WARNING * * *
x2 You feel sick.
The orc closely misses you.
The worker ant zombie completely misses you.
The orc closely misses you. The worker ant bites you.
* * * LOW HITPOINT WARNING * * *
You are more poisoned.
The worker ant poisons you!
Unknown command.
* * * LOW HITPOINT WARNING * * *
You feel sick.
Shobalk's ghost whispers, "Meet the emptiness of death!"
Shobalk's ghost casts a spell at you. The magic dart hits you!
You die...

..........#
..........(#
............#
.........o...#
..............#
.......o.§....#
........oa...<#
..........§...<#
........bo.z@.<#
....%..........#
.......5......#
..............#
..[..r........#
..8..........#
r...........#
...........#
........p.#


You could see a worker ant, 2 orc wizards, shobalk's ghost, a crimson imp, 2
orcs, a worker ant zombie, a bat and a rat.

Vanquished Creatures
  An ogre (D:4)
  A scorpion (D:4)
  A crimson imp (D:4)
  2 orc wizards
  A gnoll shaman (D:4)
  2 orc priests (D:4)
  3 worker ants
  10 gnolls (D:4)
  4 adders
  3 giant mites
  5 worms
  14 orcs
  A bat skeleton (D:4)
  8 giant cockroaches
  8 goblins
  13 hobgoblins
  6 jackals
  A quokka (D:2)
  2 ball pythons (D:2)
  18 bats
  A giant gecko (D:1)
  4 giant newts
  A hobgoblin skeleton (D:4)
  8 kobolds
  8 rats
126 creatures vanquished.

Notes
Turn   | Place    | Note
--------------------------------------------------------------
     0 | D:1      | Golfball, the Spriggan Conjurer, began the quest for the Orb.
     0 | D:1      | Reached XP level 1. HP: 9/9 MP: 4/4
   388 | D:1      | Reached XP level 2. HP: 11/13 MP: 7/7
  1420 | D:1      | Learned a level 2 spell: Searing Ray
  1451 | D:2      | Reached XP level 3. HP: 16/16 MP: 9/9
  1687 | D:2      | Reached skill level 1 in Throwing
  1788 | D:1      | Learned a level 3 spell: Dazzling Spray
  2471 | D:2      | Reached XP level 4. HP: 21/21 MP: 11/13
  2651 | D:2      | Reached skill level 1 in Short Blades
  3073 | D:3      | Reached skill level 4 in Stealth
  3756 | D:3      | Reached skill level 5 in Stealth
  3756 | D:3      | Reached XP level 5. HP: 11/24 MP: 12/16
  3982 | D:4      | Reached skill level 1 in Hexes
  4856 | D:4      | Reached XP level 6. HP: 28/28 MP: 11/18
  5208 | D:4      | Reached skill level 6 in Stealth
  5809 | D:4      | Reached XP level 7. HP: 32/32 MP: 14/20
  5978 | D:4      | Learned a level 4 spell: Iskenderun's Mystic Blast
  6059 | D:4      | Noticed an ogre
  6281 | D:4      | Killed an ogre
  6623 | D:5      | Entered Level 5 of the Dungeon
  6710 | D:5      | Noticed shobalk's ghost (experienced HEWz)
  6738 | D:5      | Killed from afar by shobalk's ghost

Action                   |  1- 3 |  4- 6 |  7- 9 || total
-------------------------+-------+-------+-------++-------
Melee: Dagger            |    40 |    40 |    11 ||    91
       Unarmed           |     2 |       |       ||     2
Throw: Dart              |       |     1 |       ||     1
 Cast: Magic Dart        |    79 |   120 |    16 ||   215
       Searing Ray       |     3 |    27 |    11 ||    41
  Use: Scroll            |       |    10 |     2 ||    12
       Potion            |       |     1 |       ||     1
 Stab: Sleeping          |     7 |     6 |       ||    13
       Distracted        |       |     2 |       ||     2
